 Dungeon Crawl Stone Soup version 0.29.1-4-g47bece8355 (webtiles) character file.

Game seed: 11608343921776484452

33 CaptainMV the Conjurer (level 3, -2/26 HPs)
             Began as a Draconian Conjurer on Dec 7, 2022.
             Killed from afar by a white imp (11 damage)
             ... with a puff of frost
             ... summoned by Natasha
             ... on level 2 of the Dungeon.
             The game lasted 00:09:28 (1334 turns).

CaptainMV the Conjurer (Draconian Conjurer)         Turns: 1334, Time: 00:09:28

Health: -2/26      AC:  6    Str:  9    XL:     3   Next: 12%
Magic:  2/6        EV: 12    Int: 20    God:
Gold:   31         SH:  0    Dex:  9    Spells: 5/6 levels left

rFire   . . .      SeeInvis .   e - +0 short sword
rCold   . . .      Faith    .   (no shield)
rNeg    . . .      Spirit   .   (body armour unavailable)
rPois   .          Reflect  .   (helmet restricted)
rElec   .          Harm     .   (no cloak)
rCorr   .          Rampage  .   h - +0 pair of gloves
Will    .....                   (no boots)
Stlth   ++........              (no amulet)
HPRegen 0.08/turn               (no ring)
MPRegen 0.10/turn               (no ring)

@: no status effects
A: AC +5, unfitting armour, cold-blooded
a: no special abilities


You were on level 2 of the Dungeon.
You visited 1 branch of the dungeon, and saw 2 of its levels.

You collected 31 gold pieces.

Inventory:

Hand Weapons
 e - a +0 short sword (weapon)
Missiles
 g - 2 poisoned darts (quivered)
Armour
 h - a +0 pair of gloves (worn)
Scrolls
 b - 3 scrolls of identify {unknown}
 c - 2 scrolls of summoning {unknown}
 f - a scroll of immolation {unknown}
 j - 3 scrolls of noise {unknown}
 l - a scroll of vulnerability {unknown}
 m - a scroll of poison {unknown}
 n - a scroll of teleportation {unknown}
Potions
 a - a potion of magic
 d - a potion of brilliance {unknown}
 i - a potion of mutation {unknown}
 k - a potion of flight {unknown}


   Skills:
 + Level 0.1 Short Blades
 + Level 2.0 Dodging
 + Level 1.9 Stealth
 + Level 1.0 Unarmed Combat
 + Level 2.0 Spellcasting
 + Level 4.5 Conjurations


You had 5 spell levels left.
You knew the following spells:

 Your Spells              Type           Power      Damage    Failure   Level
a - Magic Dart            Conj           80%        1d7       2%          1

Your spell library contained the following spells:

 Spells                   Type           Power      Damage    Failure   Level
 Searing Ray              Conj           40%        2d5       3%          2
 Dazzling Flash           Conj/Hex       22%        N/A       19%         3
 Fulminant Prism          Conj/Hex       5%         3d7       52%         4
 Iskenderun's Mystic Bla  Conj/Tloc      11%        2d4       52%         4


Dungeon Overview and Level Annotations

Branches:
Dungeon (2/15)

Altars:

Annotations:
D:2 Natasha


Innate Abilities, Weirdness & Mutations

Your plain brown scales are hard. (AC +5)
You cannot fit into any form of body armour.
You are cold-blooded and may be slowed by cold attacks.


Message History

Aim: Natasha (43% to hit)
You throw a poisoned dart. The poisoned dart hits Natasha.
Natasha is poisoned.
Natasha mumbles some strange words.
Casting: Magic Dart (safe; 2% risk of failure)
Confirm with . or Enter, or press ? or * to list all spells.
Aiming: Magic Dart (safe; 2% risk of failure)
Press: ? - help, Shift-Dir - straight line, f/p - Natasha
Aim: Natasha (lightly wounded, poisoned, 100% to hit)
The magic dart hits Natasha.
Natasha is lightly wounded.
Natasha casts a spell at you. The magic dart hits you!
Casting: Magic Dart (safe; 2% risk of failure)
Confirm with . or Enter, or press ? or * to list all spells.
Aiming: Magic Dart (safe; 2% risk of failure)
Press: ? - help, Shift-Dir - straight line, f/p - Natasha
Aim: Natasha (lightly wounded, poisoned, 100% to hit)
The magic dart hits Natasha.
Natasha is heavily wounded.
Natasha claws you.
Casting: Magic Dart (safe; 2% risk of failure)
Confirm with . or Enter, or press ? or * to list all spells.
Aiming: Magic Dart (safe; 2% risk of failure)
Press: ? - help, Shift-Dir - straight line, f/p - Natasha
Aim: Natasha (heavily wounded, poisoned, 100% to hit)
The magic dart hits Natasha.
Natasha is heavily wounded.
Natasha casts a spell at you. The magic dart hits you!
The white imp misses you.
Casting: Magic Dart (safe; 2% risk of failure)
Confirm with . or Enter, or press ? or * to list all spells.
Aiming: Magic Dart (safe; 2% risk of failure)
Press: ? - help, Shift-Dir - straight line, f/p - Natasha
Aim: Natasha (heavily wounded, poisoned, 100% to hit)
The magic dart hits Natasha.
Natasha is severely wounded.
Natasha misses you. The white imp gestures at you. The puff of frost hits you!
You die...

#.....(
.......
.......
.......
.......
.......
###h......
#.@5......
#.#....#.#
#.#....#.##
#.#....... .
#.#......####.
#.##..#.>.....
#.##.......#
#.##.......#
#.##.......# #


You could see Natasha (poisoned) and a white imp (summoned).

Vanquished Creatures
  Natasha (D:2)
  A giant cockroach (D:1)
  A hobgoblin (D:1)
  A ball python (D:1)
  A bat (D:1)
  2 goblins (D:2)
  3 kobolds (D:1)
  A rat (D:1)
11 creatures vanquished.

Notes
Turn   | Place    | Note
-------+----------+-------------------------------------------
     0 | D:1      | CaptainMV the Draconian Conjurer began the quest for the
                  | Orb.
     0 | D:1      | Reached XP level 1. HP: 14/14 MP: 3/3
   894 | D:2      | Noticed Natasha
   922 | D:2      | Killed Natasha
   923 | D:2      | Reached skill level 1 in Unarmed Combat
   923 | D:2      | Reached XP level 2. HP: 5/20 MP: 1/5
   923 | D:2      | Reached XP level 3. HP: 7/26 MP: 1/6
   931 | D:2      | Found a faded altar of an unknown god.
  1326 | D:2      | Noticed Natasha
  1334 | D:2      | Killed from afar by a white imp

Illustrated notes

Levels and vault maps discovered:
D:1:      dpeg_arrival_shelter, layout_basic, chequers_serial_rivers_micro_b,
          minmay_misc_feat_rugged
D:2:      layout_loops_ring, shapermc_ecumenical_altar_mp_vishouse, uniq_natasha

Skill      XL: |  1 |
---------------+----+-----
Dodging        | 2 |  2.0
Unarmed Combat | 1 |  1.0
Short Blades   | |  0.1
Stealth        | |  1.9
Spellcasting   | |  2.0
Conjurations   | |  4.5

Action                   || total
-------------------------++-------
Melee: Unarmed           ||    49
       Short sword       ||    17
       Tailslap          ||     7
Throw: Dart              ||     5
 Cast: Magic Dart        ||    11
 Stab: Sleeping          ||     1
Armor: Skin              ||    31
Dodge: Dodged            ||    64
